 Dungeon Crawl Stone Soup version 0.21-a0-518-g43a1781 (webtiles) character file.

305 Nirn the Poker (level 6, -10/50 HPs)
             Began as a Human Warper on Dec 5, 2017.
             Killed by nerve-wracking pain
             ... invoked by a shadow imp
              (14 damage)
             ... on level 4 of the Dungeon.
             The game lasted 00:30:08 (8594 turns).

Nirn the Poker (Human Warper)                       Turns: 8594, Time: 00:30:09

Health: -10/50     AC:  3    Str: 13    XL:     6   Next: 66%
Magic:  0/9        EV: 12    Int: 14    God:
Gold:   107        SH:  0    Dex: 12    Spells: 4/9 levels left

rFire    . . .     SeeInvis .   a - +0 spear
rCold    . . .     Gourm    +   (no shield)
rNeg     . . .     Faith    .   b - +0 leather armour
rPois    .         Spirit   .   (no helmet)
rElec    .         Reflect  .   (no cloak)
rCorr    .         Harm     .   (no gloves)
MR       .....                  (no boots)
Stlth    +.........             y - amulet of the gourmand
HPRegen  0.16/turn              (no ring)
MPRegen  0.11/turn              (no ring)

@: no status effects
A: no striking features
a: no special abilities


You were on level 4 of the Dungeon.
You were not hungry.

You visited 1 branch of the dungeon, and saw 5 of its levels.

You collected 107 gold pieces.

Inventory:

Hand Weapons
 a - a +0 spear (weapon)
Missiles
 q - 6 tomahawks (quivered)
Armour
 b - a +0 leather armour (worn)
 k - a +2 leather armour of fire resistance
Jewellery
 y - an amulet of the gourmand (around neck)
Scrolls
 g - a scroll of remove curse
 s - 2 scrolls of amnesia
Books
 c - a book of Spatial Translocations

   Spells                             Type                      Level
   a - Blink                          Translocation                2
   b - Shroud of Golubria             Charms/Translocation         2
   c - Lesser Beckoning               Translocation                3
   d - Gell's Gravitas                Translocation                3
   e - Teleport Other                 Translocation                3
   f - Passage of Golubria            Translocation                4
Comestibles
 f - 3 bread rations


   Skills:
 + Level 4.8 Fighting
 + Level 4.8 Polearms
 - Level 1.0 Throwing
 - Level 1.0 Armour
 - Level 2.0 Dodging
 - Level 2.0 Spellcasting
 - Level 3.0 Translocations


You had 4 spell levels left.
You knew the following spells:

 Your Spells              Type           Power        Failure   Level  Hunger
a - Blink                 Tloc           N/A          13%         2    ###....
b - Gell's Gravitas       Tloc           #.........   26%         3    ####...


Dungeon Overview and Level Annotations

Branches:
Dungeon (5/15)
 Temple: D:4-7

Altars:
Dithmenos
Kikubaaqudgha
Makhleb
Uskayaw
Xom
Zin
The Shining One

Annotations:
D:3 Pikel
D:4 Nirn's ghost, amateur HuWr


Message History

The shadow imp barely misses you.
Casting: Blink
Confirm with . or Enter, or press ? or * to list all spells.
You blink.
You closely miss the shadow imp.
The shadow imp is severely wounded.
The shadow imp closely misses you.
You closely miss the shadow imp.
The shadow imp is heavily wounded.
The shadow imp misses you.
You closely miss the shadow imp.
The shadow imp is heavily wounded.
Press: ? - help, v - describe, . - travel
Here: a shadow imp (heavily wounded)
The floor.
You hit the shadow imp.
The shadow imp is severely wounded.
The shadow imp gestures at you. Pain shoots through your body!
You die...

.....### .# _..._#A#
.# .....### .# ##'###
#. #...# .# #####
#...####.# #...#
...##....# #...#
##.##.#.## ####...####
........####....@....#
##.##..#........5...>#
.....W..####.........#
##.##.#.# ####.<(####
..J##.#J## #.....#
...##....#### #...#.#
##.##.......#
#####.###
##..........# #......#
##.##.......# #.##.#.#


You could see a shadow imp.

Vanquished Creatures
  4 slaves (D:3)
  A howler monkey (D:5)
  A hound (D:4)
  2 orc wizards
  An orc priest (D:2)
  A worker ant (D:5)
  3 adders
  An adder zombie (D:5)
  A worm (D:2)
  3 dart slugs
  3 leopard geckos
  6 orcs
  2 ball pythons (D:1)
  9 bats
  4 giant cockroaches
  7 hobgoblins
  8 jackals
  11 kobolds
  3 quokkas
  3 frilled lizards
  7 goblins
  8 rats
89 creatures vanquished.

Notes
Turn   | Place    | Note
-------+----------+-------------------------------------------
     0 | D:1      | Nirn the Human Warper began the quest for the Orb.
     0 | D:1      | Reached XP level 1. HP: 16/16 MP: 3/3
   185 | D:1      | Reached XP level 2. HP: 19/23 MP: 5/5
   582 | D:1      | Reached XP level 3. HP: 22/28 MP: 6/6
  1021 | D:1      | Learned a level 2 spell: Blink
  1025 | D:1      | Learned a level 3 spell: Gell's Gravitas
  1133 | D:2      | Found a shadowy altar of Dithmenos.
  1145 | D:2      | Reached XP level 4. HP: 25/35 MP: 7/7
  1702 | D:2      | Found a glowing golden altar of the Shining One.
  1835 | D:2      | Found a hide-covered altar of Uskayaw.
  1962 | D:2      | Reached XP level 5. HP: 8/41 MP: 8/8
  1967 | D:2      | HP: 2/41 [orc/dagger (4)]
  3675 | D:4      | Noticed Pikel
  3675 | D:4      | Noticed a slave
  3675 | D:4      | Noticed a slave
  3675 | D:4      | Noticed a slave
  3675 | D:4      | Noticed a slave
  3934 | D:4      | Reached XP level 6. HP: 10/49 MP: 9/9
  4228 | D:4      | Noticed Nirn's ghost (amateur HuWr)
  4284 | D:2      | Found an ancient bone altar of Kikubaaqudgha.
  4284 | D:2      | Found a shimmering altar of Xom.
  5394 | D:3      | Killed a slave
  5641 | D:3      | Killed a slave
  5888 | D:3      | Killed a slave
  6474 | D:3      | Killed a slave
  6711 | D:4      | Found a glowing silver altar of Zin.
  6711 | D:4      | Found a burning altar of Makhleb.
  6712 | D:4      | Noticed a green death
  6712 | D:4      | Noticed an angel
  8313 | D:5      | Entered Level 5 of the Dungeon
  8594 | D:4      | Killed from afar by a shadow imp

Vault maps used:
D:1:      roderic_crossed_star, minivault_19
D:2:      nicolae_overflow_hidden_temple, grunt_dithmenos_smoke
D:3:      first_bread
D:4:      grunt_temple_overflow_order_and_chaos_2, lemuel_crystal_altar,
          lemuel_crystal_altar, tgw_trog, uniq_pikel, uniq_sigmund
D:5:      minmay_temple_entry_hall, lightli_sewer_entry_pipes,
          minmay_stone_trees_large, uniq_ijyb, uniq_edmund, uniq_blork_the_orc

Skill      XL: |  1  2  3  4  5 |
---------------+----------------+-----
Polearms       | 3 4 |  4.8
Fighting       | 3 4 |  4.8
Throwing       | |  1.0
Armour         | |  1.0
Dodging        | |  2.0
Spellcasting   | |  2.0
Translocations | |  3.0

Action                   |  1- 3 |  4- 6 || total
-------------------------+-------+-------++-------
Melee: Spear             |   125 |   576 ||   701
Throw: Tomahawk          |       |    36 ||    36
 Cast: Blink             |       |    34 ||    34
       Gell's Gravitas   |       |     2 ||     2
  Use: Scroll            |     3 |     8 ||    11
       Potion            |       |    10 ||    10
 Stab: Sleeping          |     1 |     2 ||     3
  Eat: Chunk             |     1 |    12 ||    13
       Bread ration      |       |     3 ||     3
       Fruit             |       |     2 ||     2
Armor: Leather armour    |    26 |    89 ||   115
       Skin              |       |     7 ||     7
Dodge: Dodged            |    49 |   248 ||   297

Table legend:
 A = Spawn XP
 B = Non-spawn XP
 C = Spawn XP percentage of total XP
 D = Spawn monster count
 E = Non-spawn monster count
 F = Spawn count percentage of total count
 G = Total turns spent on level
                    A         B        C        D         E        F      G
               +---------+---------+-------+---------+---------+-------+---------
         Total |       0 |     436 |   0.0 |       0 |      85 |   0.0 |  8594
               +---------+---------+-------+---------+---------+-------+---------
           D:1 |       0 |      51 |   0.0 |       0 |      31 |   0.0 |  1058
           D:2 |       0 |     131 |   0.0 |       0 |      19 |   0.0 |  2799
           D:3 |       0 |      70 |   0.0 |       0 |      25 |   0.0 |  3475
           D:4 |       0 |      91 |   0.0 |       0 |       6 |   0.0 |  1170
           D:5 |       0 |      93 |   0.0 |       0 |       4 |   0.0 |    92
               +---------+---------+-------+---------+---------+-------+---------
